| TOP OF THE 1ST |
|
Durham Bulls batting - Pitching for Omaha Storm Chasers : RHP Matthew Orphan
|
|
Pitching: RHP Matthew Orphan
|
|
|
Batting: LHB Darryl Gonnella
|
0-0: Ball 1-0: Foul Ball, location: 2F 1-1: Called Strike 1-2: Foul Ball, location: 2F 1-2: Strikes out looking
|
|
Batting: LHB Eric Toney
|
0-0: Ball 1-0: Ball 2-0: Called Strike 2-1: Ball 3-1: Foul Ball, location: 2F 3-2: Foul Ball, location: 2F 3-2: Foul Ball, location: 2F 3-2: Foul Ball, location: 2F 3-2: Foul Ball, location: 2F 3-2: Base on Balls
|
|
Batting: RHB Alex Diaz
|
0-0: Called Strike 0-1: Ball 1-1: Ball 2-1: Grounds into double play, 6-4-3 (Groundball, 6, EV 89.4 MPH)
|
| Top of the 1st over - 0 runs, 0 hits, 0 errors, 0 left on base; Durham 0 - Omaha 0 |
| BOTTOM OF THE 1ST |
|
Omaha Storm Chasers batting - Pitching for Durham Bulls : RHP Ken Vandercook
|
|
Pitching: RHP Ken Vandercook
|
|
|
Batting: SHB Arturo Baez
|
0-0: Foul Ball, location: 2F 0-1: SINGLE (Groundball, 25, EV 69.4 MPH) (infield hit)
|
|
Batting: SHB Ryoji Hiraoka
|
0-0: Ball 1-0: Ball 2-0: Ball 3-0: Base on Balls Arturo Baez to second
|
|
Batting: RHB Adam Martin
|
0-0: Ball 1-0: Called Strike 1-1: Ball 2-1: Ball 3-1: Swinging Strike 3-2: Base on Balls Arturo Baez to third Ryoji Hiraoka to second
|
|
Batting: RHB Kazuki Arai
|
0-0: Foul Ball, location: 2F 0-1: Fly out, F8 (Line Drive, 8RM, EV 102.5 MPH) Runner from 3rd tags up, OUT at HOME! 8-2 Ryoji Hiraoka to third Adam Martin to second
|
|
Batting: LHB Robby Diaz
|
0-0: Called Strike 0-1: Fly out, F9 (Flyball, 9, EV 85.0 MPH)
|
| Bottom of the 1st over - 0 runs, 1 hit, 0 errors, 2 left on base; Durham 0 - Omaha 0 |
| TOP OF THE 2ND |
|
Durham Bulls batting - Pitching for Omaha Storm Chasers : RHP Matthew Orphan
|
|
Batting: LHB Davion Lewis
|
0-0: Foul Ball, location: 2F 0-1: Ball 1-1: Ball 2-1: Called Strike 2-2: Ball 3-2: Foul Ball, location: 2F 3-2: Foul Ball, location: 2F 3-2: Base on Balls
|
|
Batting: RHB Sesto Carpini
|
0-0: Ball 1-0: Ball 2-0: Called Strike 2-1: Called Strike 2-2: Fielders Choice at 2nd, 3-6 (Groundball, 3, EV 89.4 MPH)
|
|
Batting: RHB James Huddleston
|
0-0: Foul Ball, location: 2F 0-1: Fly out, F8 (Flyball, 8LM, EV 88.1 MPH)
|
|
Batting: RHB Kevin Benfield
|
0-0: Ball 1-0: Ball 2-0: Ball 3-0: Called Strike 3-1: Fly out, F4 (Line Drive, 4, EV 75.0 MPH)
|
| Top of the 2nd over - 0 runs, 0 hits, 0 errors, 1 left on base; Durham 0 - Omaha 0 |
| BOTTOM OF THE 2ND |
|
Omaha Storm Chasers batting - Pitching for Durham Bulls : RHP Ken Vandercook
|
|
Batting: RHB Ken Postlethwaite
|
0-0: Ball 1-0: Foul Ball, location: 2F 1-1: Swinging Strike 1-2: Ball 2-2: Ball 3-2: Ground out 6-3 (Groundball, 56, EV 87.5 MPH)
|
|
Batting: RHB Chang-keun Baik
|
0-0: Foul Ball, location: 2F 0-1: Ball 1-1: Called Strike 1-2: Ball 2-2: Ball 3-2: Foul Ball, location: 2F 3-2: Fly out, F8 (Flyball, 8LM, EV 95.6 MPH)
|
|
Batting: RHB Justin Goff
|
0-0: Ball 1-0: Ball 2-0: Called Strike 2-1: SINGLE (Line Drive, 34D, EV 103.8 MPH)
|
|
Batting: RHB Chad Sullivan
|
0-0: Ball 1-0: Ball 2-0: Fly out, F7 (Flyball, 78M, EV 83.8 MPH)
|
| Bottom of the 2nd over - 0 runs, 1 hit, 0 errors, 1 left on base; Durham 0 - Omaha 0 |
| TOP OF THE 3RD |
|
Durham Bulls batting - Pitching for Omaha Storm Chasers : RHP Matthew Orphan
|
|
Batting: RHB Roberto Aispuro
|
0-0: Ball 1-0: Called Strike 1-1: Foul Ball, location: 2F 1-2: Strikes out looking
|
|
Batting: LHB Danny Hull
|
0-0: Foul Ball, location: 2F 0-1: Foul Ball, location: 2F 0-2: Ball 1-2: Ball 2-2: Foul Ball, location: 2F 2-2: Strikes out swinging
|
|
Batting: LHB Darryl Gonnella
|
0-0: Ball 1-0: Foul Ball, location: 2F 1-1: Ball 2-1: Ball 3-1: Ground out U3 (Groundball, 3, EV 98.1 MPH)
|
| Top of the 3rd over - 0 runs, 0 hits, 0 errors, 0 left on base; Durham 0 - Omaha 0 |
| BOTTOM OF THE 3RD |
|
Omaha Storm Chasers batting - Pitching for Durham Bulls : RHP Ken Vandercook
|
|
Batting: SHB Arturo Baez
|
0-0: Called Strike 0-1: Fly out, F7 (Flyball, 7LSF, EV 90.6 MPH)
|
|
Batting: SHB Ryoji Hiraoka
|
0-0: Ball 1-0: Ground out 3-1 (Groundball, 34, EV 100.6 MPH)
|
|
Batting: RHB Adam Martin
|
0-0: Foul Ball, location: 2F 0-1: Ball 1-1: Foul Ball, location: 2F 1-2: Fly out, F7 (Flyball, 78M, EV 90.0 MPH)
|
| Bottom of the 3rd over - 0 runs, 0 hits, 0 errors, 0 left on base; Durham 0 - Omaha 0 |
| TOP OF THE 4TH |
|
Durham Bulls batting - Pitching for Omaha Storm Chasers : RHP Matthew Orphan
|
|
Batting: LHB Eric Toney
|
0-0: Ball 1-0: Called Strike 1-1: Ball 2-1: Ball 3-1: Swinging Strike 3-2: Base on Balls
|
|
Batting: RHB Alex Diaz
|
0-0: Foul Ball, location: 2F 0-1: Swinging Strike 0-2: Ball 1-2: Strikes out swinging
|
|
Batting: LHB Davion Lewis
|
0-0: Fielders Choice at 2nd, 1-6 (Groundball, 23, EV 63.1 MPH)
|
|
Batting: RHB Sesto Carpini
|
0-0: Ball 1-0: Called Strike 1-1: Ball 2-1: Foul Ball, location: 2F 2-2: Foul Ball, location: 2F 2-2: Ball 3-2: Strikes out swinging
|
| Top of the 4th over - 0 runs, 0 hits, 0 errors, 1 left on base; Durham 0 - Omaha 0 |
| BOTTOM OF THE 4TH |
|
Omaha Storm Chasers batting - Pitching for Durham Bulls : RHP Ken Vandercook
|
|
Batting: RHB Kazuki Arai
|
0-0: Ball 1-0: Foul Ball, location: 2F 1-1: Ball 2-1: Swinging Strike 2-2: Ground out 4-3 (Groundball, 4, EV 80.6 MPH)
|
|
Batting: LHB Robby Diaz
|
0-0: Fly out, F8 (Flyball, 8LD, EV 101.2 MPH)
|
|
Batting: RHB Ken Postlethwaite
|
0-0: Ground out 6-3 (Groundball, 6, EV 87.5 MPH)
|
| Bottom of the 4th over - 0 runs, 0 hits, 0 errors, 0 left on base; Durham 0 - Omaha 0 |
| TOP OF THE 5TH |
|
Durham Bulls batting - Pitching for Omaha Storm Chasers : RHP Matthew Orphan
|
|
Batting: RHB James Huddleston
|
0-0: Ball 1-0: Ball 2-0: Foul Ball, location: 2F 2-1: Foul Ball, location: 2F 2-2: Ball 3-2: Strikes out looking
|
|
Batting: RHB Kevin Benfield
|
0-0: Ball 1-0: Foul Ball, location: 2F 1-1: Swinging Strike 1-2: Strikes out swinging
|
|
Batting: RHB Roberto Aispuro
|
0-0: Called Strike 0-1: Ground out 4-3 (Groundball, 4M, EV 89.4 MPH)
|
| Top of the 5th over - 0 runs, 0 hits, 0 errors, 0 left on base; Durham 0 - Omaha 0 |
| BOTTOM OF THE 5TH |
|
Omaha Storm Chasers batting - Pitching for Durham Bulls : RHP Ken Vandercook
|
|
Batting: RHB Chang-keun Baik
|
0-0: Ball 1-0: Called Strike 1-1: Swinging Strike 1-2: Strikes out looking
|
|
Batting: RHB Justin Goff
|
0-0: Swinging Strike 0-1: Ball 1-1: DOUBLE (Flyball, 8LXD, EV 114.4 MPH)
|
|
Batting: RHB Chad Sullivan
|
0-0: Ball 1-0: Ball 2-0: Called Strike 2-1: SINGLE (Groundball, 4MD, EV 98.8 MPH) Justin Goff to third Runner from 3rd tries for Home, throw by CF and OUT! 8-2 Chad Sullivan to second
|
|
Batting: SHB Arturo Baez
|
0-0: Foul Ball, location: 2F 0-1: Called Strike 0-2: Foul Ball, location: 2F 0-2: Foul Ball, location: 2F 0-2: Ball 1-2: Ball 2-2: Foul Ball, location: 2F 2-2: Ball 3-2: Foul Ball, location: 2F 3-2: SINGLE (Line Drive, 78S, EV 93.8 MPH) Chad Sullivan to third
|
|
Batting: SHB Ryoji Hiraoka
|
0-0: Ball 1-0: Called Strike 1-1: Foul Ball, location: 2F 1-2: Fly out, F8 (Flyball, 8RD, EV 100.6 MPH)
|
| Bottom of the 5th over - 0 runs, 3 hits, 0 errors, 2 left on base; Durham 0 - Omaha 0 |
| TOP OF THE 6TH |
|
Durham Bulls batting - Pitching for Omaha Storm Chasers : RHP Matthew Orphan
|
|
Batting: LHB Danny Hull
|
0-0: Called Strike 0-1: Swinging Strike 0-2: Ball 1-2: Foul Ball, location: 2F 1-2: Ball 2-2: Foul Ball, location: 2F 2-2: Ball 3-2: Strikes out swinging
|
|
Batting: LHB Darryl Gonnella
|
0-0: Ball 1-0: Called Strike 1-1: Ball 2-1: Foul Ball, location: 2F 2-2: SINGLE (Line Drive, 78M, EV 102.5 MPH)
|
|
Batting: LHB Eric Toney
|
0-0: Called Strike 0-1: Swinging Strike 0-2: Ball 1-2: Strikes out looking
|
|
Batting: RHB Alex Diaz
|
0-0: Ball Darryl Gonnella steals 2nd base 1-0: Ball 2-0: Ball 3-0: Base on Balls
|
|
Pitching: RHP Ian Current
|
|
|
Batting: LHB Davion Lewis
|
0-0: Ball 1-0: Ball 2-0: Ball 3-0: Called Strike 3-1: Foul Ball, location: 2F 3-2: Base on Balls Darryl Gonnella to third Alex Diaz to second
|
|
Batting: RHB Sesto Carpini
|
0-0: Ball 1-0: Foul Ball, location: 2F 1-1: Foul Ball, location: 2F 1-2: Ball 2-2: Foul Ball, location: 2F 2-2: Ball 3-2: SINGLE (Line Drive, 7LS, EV 90.6 MPH) Darryl Gonnella scores Alex Diaz to third Davion Lewis to second Alex Diaz scores Davion Lewis to third
|
|
Batting: RHB James Huddleston
|
0-0: Ball 1-0: Swinging Strike 1-1: Foul Ball, location: 2F 1-2: Ball 2-2: Foul Ball, location: 2F 2-2: Foul Ball, location: 2F 2-2: Ball 3-2: Base on Balls Sesto Carpini to second
|
|
Batting: RHB Kevin Benfield
|
0-0: Called Strike 0-1: Swinging Strike 0-2: Strikes out swinging
|
| Top of the 6th over - 2 runs, 2 hits, 0 errors, 3 left on base; Durham 2 - Omaha 0 |
| BOTTOM OF THE 6TH |
|
Omaha Storm Chasers batting - Pitching for Durham Bulls : RHP Ken Vandercook
|
|
Batting: RHB Adam Martin
|
0-0: Called Strike 0-1: Foul Ball, location: 2F 0-2: Strikes out swinging
|
|
Batting: RHB Kazuki Arai
|
0-0: Ball 1-0: Ball 2-0: Foul Ball, location: 2F 2-1: Foul Ball, location: 2F 2-2: Ball 3-2: Ground out 4-3 (Groundball, 4S, EV 65.0 MPH)
|
|
Batting: LHB Robby Diaz
|
0-0: Ball 1-0: Swinging Strike 1-1: Foul Ball, location: 2F 1-2: Strikes out looking
|
| Bottom of the 6th over - 0 runs, 0 hits, 0 errors, 0 left on base; Durham 2 - Omaha 0 |
| TOP OF THE 7TH |
|
Durham Bulls batting - Pitching for Omaha Storm Chasers : RHP Ian Current
|
|
Pitching: RHP Philip Terrell
|
|
|
Batting: RHB Roberto Aispuro
|
0-0: SINGLE (Groundball, 56D, EV 106.2 MPH)
|
|
Batting: LHB Danny Hull
|
0-0: Sac Bunt to 25 - play at first, batter OUT! 5-3 Roberto Aispuro to second
|
|
Batting: LHB Darryl Gonnella
|
0-0: Ball 1-0: Ball 2-0: Foul Ball, location: 2F 2-1: Foul Ball, location: 2F 2-2: Foul Ball, location: 2F 2-2: Ground out 5-3 (Groundball, 56, EV 103.8 MPH)
|
|
Batting: LHB Eric Toney
|
0-0: Fly out, F7 (Flyball, 7, EV 89.4 MPH)
|
| Top of the 7th over - 0 runs, 1 hit, 0 errors, 1 left on base; Durham 2 - Omaha 0 |
| BOTTOM OF THE 7TH |
|
Omaha Storm Chasers batting - Pitching for Durham Bulls : RHP Ken Vandercook
|
|
Batting: RHB Ken Postlethwaite
|
0-0: Foul Ball, location: 2F 0-1: Ball 1-1: Swinging Strike 1-2: Fly out, F7 (Flyball, 78M, EV 78.8 MPH)
|
|
Batting: RHB Chang-keun Baik
|
0-0: Called Strike 0-1: Ball 1-1: Swinging Strike 1-2: Ball 2-2: Ball 3-2: Base on Balls
|
|
Pitching: RHP David Breaux
|
|
|
Batting: RHB Justin Goff
|
0-0: Ball Chang-keun Baik is caught stealing 2nd base 2-4 1-0: Foul Ball, location: 2F 1-1: Called Strike 1-2: Fly out, F7 (Flyball, 78M, EV 88.8 MPH)
|
| Bottom of the 7th over - 0 runs, 0 hits, 0 errors, 0 left on base; Durham 2 - Omaha 0 |
| TOP OF THE 8TH |
|
Durham Bulls batting - Pitching for Omaha Storm Chasers : RHP Philip Terrell
|
|
Batting: RHB Alex Diaz
|
0-0: Ball 1-0: Ball 2-0: Ground out 6-3 (Groundball, 6, EV 106.2 MPH)
|
|
Batting: LHB Davion Lewis
|
0-0: Ball 1-0: SINGLE (Groundball, 4D, EV 104.4 MPH)
|
|
Batting: RHB Sesto Carpini
|
0-0: Ball 1-0: Foul Ball, location: 2F 1-1: Ball 2-1: Swinging Strike 2-2: Foul Ball, location: 2F 2-2: Foul Ball, location: 2F 2-2: Strikes out swinging
|
|
Batting: RHB James Huddleston
|
0-0: Called Strike Davion Lewis steals 2nd base 0-1: Ball 1-1: Foul Ball, location: 2F 1-2: Ball 2-2: SINGLE (Line Drive, 4MD, EV 95.6 MPH) Davion Lewis to third Runner from 3rd tries for Home, SAFE, throw by CF to home
|
|
Batting: RHB Kevin Benfield
|
0-0: Ball 1-0: Foul Ball, location: 2F 1-1: Swinging Strike 1-2: Fly out, F9 (Flyball, 9S, EV 91.2 MPH)
|
| Top of the 8th over - 1 run, 2 hits, 0 errors, 1 left on base; Durham 3 - Omaha 0 |
| BOTTOM OF THE 8TH |
|
Omaha Storm Chasers batting - Pitching for Durham Bulls : RHP David Breaux
|
|
Now in LF: Darryl Gonnella
|
|
|
Now in RF: Antonio Pacheco
|
|
|
Batting: RHB Chad Sullivan
|
0-0: Ball 1-0: Ball 2-0: Foul Ball, location: 2F 2-1: Ball 3-1: Fly out, F8 (Line Drive, 8RM, EV 90.0 MPH)
|
|
Batting: SHB Arturo Baez
|
0-0: Fly out, F8 (Flyball, 78D, EV 84.4 MPH)
|
|
Batting: SHB Ryoji Hiraoka
|
0-0: Ball 1-0: Foul Ball, location: 2F 1-1: Ball 2-1: Swinging Strike 2-2: Ball 3-2: Strikes out swinging
|
| Bottom of the 8th over - 0 runs, 0 hits, 0 errors, 0 left on base; Durham 3 - Omaha 0 |
| TOP OF THE 9TH |
|
Durham Bulls batting - Pitching for Omaha Storm Chasers : RHP Philip Terrell
|
|
Pitching: RHP Mike Tuck
|
|
|
Batting: RHB Roberto Aispuro
|
0-0: SINGLE (Groundball, 6MD, EV 98.1 MPH)
|
|
Batting: LHB Danny Hull
|
0-0: Sac Bunt to 2R - play at first, batter OUT! 2-3 Roberto Aispuro to second
|
|
Batting: LHB Darryl Gonnella
|
0-0: Called Strike 0-1: Ball 1-1: Ball 2-1: Foul Ball, location: 2F 2-2: Foul Ball, location: 2F 2-2: Strikes out looking
|
|
Batting: LHB Eric Toney
|
0-0: Ball 1-0: Ball 2-0: Called Strike 2-1: Ball 3-1: SINGLE (Line Drive, 9LS, EV 88.8 MPH) Roberto Aispuro to third Runner from 3rd tries for Home, throw by RF and OUT! 9-2
|
| Top of the 9th over - 0 runs, 2 hits, 0 errors, 1 left on base; Durham 3 - Omaha 0 |
| BOTTOM OF THE 9TH |
|
Omaha Storm Chasers batting - Pitching for Durham Bulls : RHP David Breaux
|
|
Pitching: RHP Cody Wilharm
|
|
|
Batting: RHB Adam Martin
|
0-0: Foul Ball, location: 2F 0-1: Swinging Strike 0-2: Ball 1-2: Ground out 6-3 (Groundball, 56, EV 103.1 MPH)
|
|
Batting: RHB Kazuki Arai
|
0-0: Ball 1-0: Called Strike 1-1: Called Strike 1-2: Strikes out swinging
|
|
Batting: LHB Robby Diaz
|
0-0: Ball 1-0: DOUBLE (Line Drive, 78D, EV 103.8 MPH)
|
|
Batting: RHB Ken Postlethwaite
|
0-0: Ball 1-0: DOUBLE (Line Drive, 78XD, EV 106.9 MPH) Robby Diaz scores
|
|
Batting: RHB Chang-keun Baik
|
0-0: Called Strike 0-1: Swinging Strike 0-2: Ball 1-2: Fly out, F5 (Line Drive, 5L, EV 63.8 MPH)
|
| Bottom of the 9th over - 1 run, 2 hits, 0 errors, 1 left on base; Durham 3 - Omaha 1 |
|